[ AOE2 MATCH · #495686854 ]
UnrankedLithuanians vs Vietnamese
Player's team · WIN
[ REPLAY ANALYSIS · EXTRACTED FROM THE RECORDED GAME ]
Feudal
8:26
Castle
20:19
Imperial
—
| APM avg | 52.2 |
| APM peak | 81 |
| eAPM avg | 26.2 |
| Villagers / military | 71 / 101 |
Focus
⚔️ 42.6% · 🌾 57.4%
Knight ×89 · Skirmisher ×8 · Monk ×4
Feudal
9:19
Castle
21:12
Imperial
—
| APM avg | 56.2 |
| APM peak | 87 |
| eAPM avg | 23.3 |
| Villagers / military | 105 / 68 |
Focus
⚔️ 28.3% · 🌾 71.7%
Archer ×55 · Knight ×7 · Monk ×3 · Militia ×3
Match map
Initial resources + every placement click. Lines = walls · curves = elevation contours. ◆ gold · ⬟ stone · ● berries · ✦ relic · ◌ wall gap
Your base· ✓ Closed at 20:19 · 47t walls · 2 gate(s)
Killing_Bambi's base· ✓ Closed at 21:12 · 36t walls · 1 gate(s)
Smoothed initial terrain · ◌ = detected wall gap · hover for details
Inputs per minute
— Patching85 - - Killing_Bambi
Build order — Patching85
First 150 of 304 actions detected
| 0:00 | Create | Villager (Male) |
| 0:02 | Build | House |
| 0:02 | Build | House |
| 0:08 | Create | Villager (Male) |
| 0:12 | Create | Villager (Male) |
| 0:17 | Create | Villager (Male) |
| 0:24 | Create | Villager (Male) |
| 0:24 | Create | Villager (Male) |
| 1:24 | Create | Villager (Male) |
| 1:24 | Create | Villager (Male) |
| 1:59 | Create | Villager (Male) |
| 2:19 | Create | Villager (Male) |
| 2:22 | Build | Lumber Camp |
| 2:46 | Create | Villager (Male) |
| 3:26 | Create | Villager (Male) |
| 3:26 | Create | Villager (Male) |
| 3:49 | Build | House |
| 4:03 | Create | Villager (Male) |
| 4:05 | Create | Villager (Male) |
| 4:05 | Create | Villager (Male) |
| 4:21 | Research | Loom |
| 4:51 | Build | Mill |
| 6:12 | Research | Feudal Age |
| 7:23 | Build | House |
| 7:30 | Create | Villager (Male) |
| 7:47 | Build | Barracks |
| 8:26 | Age | Feudal Age |
| 8:40 | Build | Stable |
| 8:45 | Create | Villager (Male) |
| 8:56 | Research | Double-Bit Axe |
| 9:03 | Create | Villager (Male) |
| 9:19 | Build | Archery Range |
| 9:28 | Create | Villager (Male) |
| 9:48 | Build | House |
| 9:49 | Build | Palisade Wall |
| 10:00 | Build | Palisade Gate |
| 10:02 | Build | House |
| 10:04 | Create | Skirmisher |
| 10:13 | Build | Palisade Wall |
| 10:14 | Build | Palisade Wall |
| 10:16 | Build | House |
| 10:19 | Build | Palisade Wall |
| 10:23 | Create | Skirmisher |
| 10:27 | Create | Villager (Male) |
| 10:32 | Create | Villager (Male) |
| 10:50 | Build | Farm |
| 10:58 | Build | Palisade Gate |
| 11:00 | Create | Skirmisher |
| 11:14 | Create | Villager (Male) |
| 11:16 | Build | Farm |
| 11:28 | Create | Skirmisher |
| 11:33 | Create | Villager (Male) |
| 11:43 | Build | Farm |
| 11:51 | Build | House |
| 11:53 | Create | Skirmisher |
| 11:58 | Create | Villager (Male) |
| 12:13 | Build | Farm |
| 12:15 | Build | Farm |
| 12:19 | Create | Villager (Male) |
| 12:33 | Create | Skirmisher |
| 12:37 | Build | House |
| 12:43 | Build | Palisade Wall |
| 12:54 | Create | Villager (Male) |
| 13:01 | Build | Lumber Camp |
| 13:10 | Build | Palisade Wall |
| 13:12 | Create | Villager (Male) |
| 13:34 | Build | Palisade Wall |
| 13:44 | Build | Farm |
| 13:45 | Create | Villager (Male) |
| 13:47 | Build | Farm |
| 13:56 | Build | Farm |
| 14:05 | Create | Villager (Male) |
| 14:11 | Build | Farm |
| 14:20 | Build | Farm |
| 14:24 | Build | House |
| 14:26 | Build | Palisade Wall |
| 14:28 | Build | Palisade Wall |
| 14:31 | Create | Villager (Male) |
| 14:42 | Build | Farm |
| 14:54 | Create | Villager (Male) |
| 15:13 | Build | Blacksmith |
| 15:14 | Build | Palisade Wall |
| 15:16 | Create | Villager (Male) |
| 15:39 | Build | Mining Camp |
| 15:41 | Create | Villager (Male) |
| 16:08 | Build | House |
| 16:10 | Build | Palisade Wall |
| 16:13 | Create | Villager (Male) |
| 16:37 | Build | Farm |
| 16:40 | Build | Farm |
| 16:46 | Create | Villager (Male) |
| 17:02 | Research | Gold Mining |
| 17:21 | Build | Market |
| 17:39 | Research | Castle Age |
| 17:39 | Research | Castle Age |
| 17:39 | Research | Castle Age |
| 17:47 | Research | Horse Collar |
| 17:57 | Build | House |
| 17:58 | Build | House |
| 18:16 | Research | Scale Barding Armor |
| 18:24 | Build | Stable |
| 18:41 | Research | Fletching |
| 18:43 | Create | Skirmisher |
| 18:48 | Build | Stable |
| 19:08 | Build | Farm |
| 19:13 | Create | Villager (Male) |
| 19:15 | Research | Padded Archer Armor |
| 19:35 | Create | Skirmisher |
| 20:19 | Age | Castle Age |
| 20:22 | Research | Elite Skirmisher (upgrade) |
| 20:22 | Research | Bodkin Arrow |
| 20:34 | Create | Villager (Male) |
| 20:35 | Research | Bloodlines |
| 20:44 | Build | Farm |
| 21:00 | Build | Stable |
| 21:03 | Create | Villager (Male) |
| 21:08 | Research | Scale Barding Armor |
| 21:16 | Create | Knight |
| 21:16 | Create | Knight |
| 21:21 | Build | Farm |
| 21:22 | Build | Farm |
| 21:28 | Create | Villager (Male) |
| 21:33 | Build | Farm |
| 21:38 | Create | Knight |
| 21:41 | Create | Villager (Male) |
| 21:54 | Create | Knight |
| 21:54 | Create | Knight |
| 22:00 | Build | Farm |
| 22:04 | Create | Knight |
| 22:04 | Create | Knight |
| 22:04 | Create | Knight |
| 22:10 | Create | Villager (Male) |
| 22:20 | Build | House |
| 22:29 | Build | Market |
| 22:31 | Create | Knight |
| 22:43 | Create | Knight |
| 22:44 | Create | Knight |
| 22:51 | Create | Villager (Male) |
| 23:06 | Create | Knight |
| 23:06 | Create | Knight |
| 23:18 | Create | Knight |
| 23:18 | Create | Knight |
| 23:26 | Build | Monastery |
| 23:32 | Build | Farm |
| 23:33 | Build | Farm |
| 23:34 | Build | Farm |
| 23:35 | Build | Farm |
| 23:36 | Create | Knight |
| 23:36 | Create | Knight |
| 23:37 | Create | Knight |
Build order — Killing_Bambi
First 150 of 299 actions detected
| 0:00 | Create | Villager (Male) |
| 0:01 | Create | Villager (Male) |
| 0:01 | Create | Villager (Male) |
| 0:02 | Build | House |
| 0:03 | Build | House |
| 0:08 | Create | Villager (Male) |
| 1:34 | Create | Villager (Male) |
| 2:05 | Build | Lumber Camp |
| 2:08 | Create | Villager (Male) |
| 2:09 | Create | Villager (Male) |
| 2:09 | Create | Villager (Male) |
| 2:42 | Create | Villager (Male) |
| 3:01 | Create | Villager (Male) |
| 3:02 | Create | Villager (Male) |
| 3:36 | Create | Villager (Male) |
| 3:36 | Create | Villager (Male) |
| 3:41 | Build | House |
| 3:42 | Build | House |
| 4:16 | Create | Villager (Male) |
| 4:16 | Create | Villager (Male) |
| 4:32 | Build | Mill |
| 5:07 | Create | Villager (Male) |
| 5:11 | Research | Loom |
| 5:23 | Create | Villager (Male) |
| 5:41 | Create | Villager (Male) |
| 5:41 | Research | Loom |
| 6:16 | Create | Villager (Male) |
| 6:54 | Build | Barracks |
| 7:06 | Research | Feudal Age |
| 7:06 | Research | Feudal Age |
| 7:48 | Create | Militia |
| 7:49 | Create | Militia |
| 7:57 | Build | Mining Camp |
| 8:00 | Build | Palisade Wall |
| 8:23 | Build | House |
| 8:25 | Build | Palisade Wall |
| 8:25 | Build | Palisade Wall |
| 8:26 | Build | Palisade Wall |
| 8:29 | Create | Militia |
| 9:01 | Create | Villager (Male) |
| 9:19 | Age | Feudal Age |
| 9:24 | Build | Archery Range |
| 9:29 | Research | Man-at-Arms (upgrade) |
| 9:30 | Create | Villager (Male) |
| 9:38 | Build | Palisade Wall |
| 9:41 | Build | Palisade Wall |
| 9:42 | Build | Palisade Wall |
| 9:49 | Create | Villager (Male) |
| 10:29 | Create | Villager (Male) |
| 10:30 | Create | Archer |
| 10:30 | Create | Archer |
| 10:32 | Build | House |
| 11:01 | Create | Villager (Male) |
| 11:01 | Create | Villager (Male) |
| 11:03 | Build | Farm |
| 11:03 | Build | Farm |
| 11:06 | Build | House |
| 11:09 | Build | Palisade Wall |
| 11:15 | Create | Villager (Male) |
| 11:31 | Create | Villager (Male) |
| 11:35 | Create | Archer |
| 11:35 | Create | Archer |
| 11:42 | Build | Farm |
| 11:43 | Build | Farm |
| 11:43 | Build | Farm |
| 11:43 | Build | Farm |
| 11:50 | Research | Double-Bit Axe |
| 11:51 | Research | Double-Bit Axe |
| 11:58 | Build | Palisade Wall |
| 12:11 | Create | Villager (Male) |
| 12:13 | Create | Archer |
| 12:13 | Create | Archer |
| 12:28 | Create | Villager (Male) |
| 12:33 | Build | Farm |
| 12:47 | Build | House |
| 12:53 | Create | Villager (Male) |
| 12:55 | Build | Farm |
| 12:56 | Build | Farm |
| 13:23 | Build | Farm |
| 13:29 | Create | Villager (Male) |
| 13:37 | Build | Farm |
| 13:38 | Create | Archer |
| 13:39 | Create | Archer |
| 13:39 | Create | Archer |
| 13:40 | Create | Villager (Male) |
| 13:42 | Build | House |
| 13:56 | Build | House |
| 14:01 | Build | House |
| 14:03 | Build | Palisade Wall |
| 14:14 | Build | Farm |
| 14:17 | Create | Villager (Male) |
| 14:28 | Create | Villager (Male) |
| 14:32 | Build | Farm |
| 14:47 | Create | Villager (Male) |
| 14:51 | Build | Farm |
| 14:53 | Create | Villager (Male) |
| 14:55 | Create | Archer |
| 14:55 | Create | Archer |
| 14:56 | Create | Archer |
| 15:09 | Build | Farm |
| 15:37 | Build | Farm |
| 15:39 | Build | Farm |
| 15:46 | Create | Villager (Male) |
| 15:49 | Create | Archer |
| 16:03 | Create | Villager (Male) |
| 16:19 | Build | Blacksmith |
| 16:30 | Research | Wheelbarrow |
| 16:33 | Create | Archer |
| 16:44 | Build | Farm |
| 17:02 | Create | Archer |
| 17:21 | Build | Lumber Camp |
| 17:32 | Create | Villager (Male) |
| 17:37 | Create | Archer |
| 17:50 | Build | Market |
| 17:58 | Create | Villager (Male) |
| 18:32 | Research | Castle Age |
| 18:32 | Research | Castle Age |
| 18:35 | Build | Lumber Camp |
| 19:04 | Research | Horse Collar |
| 19:12 | Research | Gold Mining |
| 19:12 | Research | Gold Mining |
| 19:15 | Create | Archer |
| 19:15 | Create | Archer |
| 19:41 | Build | Stable |
| 19:45 | Research | Fletching |
| 19:47 | Create | Villager (Male) |
| 19:51 | Create | Archer |
| 20:15 | Build | Farm |
| 20:33 | Research | Bloodlines |
| 20:48 | Build | Palisade Gate |
| 20:56 | Create | Villager (Male) |
| 20:59 | Research | Town Watch |
| 21:03 | Build | Farm |
| 21:12 | Age | Castle Age |
| 21:14 | Research | Crossbowman (upgrade) |
| 21:20 | Research | Bodkin Arrow |
| 21:20 | Research | Bodkin Arrow |
| 21:26 | Build | Town Center |
| 21:41 | Create | Villager (Male) |
| 21:47 | Build | Farm |
| 21:52 | Create | Knight |
| 21:53 | Build | Farm |
| 21:58 | Create | Villager (Male) |
| 22:09 | Build | Farm |
| 22:11 | Build | Farm |
| 22:14 | Create | Villager (Male) |
| 22:22 | Build | Farm |
| 22:44 | Create | Villager (Male) |
| 22:45 | Create | Villager (Male) |
| 22:45 | Create | Villager (Male) |
Match timeline
| 6:54 | Killing_Bambi · first_building Barracks |
| 7:47 | Patching85 · first_building Barracks |
| 8:00 | Killing_Bambi · wall_segment Palisade Wall x5 |
| 8:25 | Killing_Bambi · wall_segment Palisade Wall x1 |
| 8:25 | Killing_Bambi · wall_segment Palisade Wall x1 |
| 8:26 | Patching85 · age_up feudal |
| 8:26 | Killing_Bambi · wall_segment Palisade Wall x1 |
| 8:40 | Patching85 · first_building Stable |
| 9:19 | Patching85 · first_building Archery Range |
| 9:19 | Killing_Bambi · age_up feudal |
| 9:24 | Killing_Bambi · first_building Archery Range |
| 9:38 | Killing_Bambi · wall_segment Palisade Wall x1 |
| 9:41 | Killing_Bambi · wall_segment Palisade Wall x4 |
| 9:42 | Killing_Bambi · wall_segment Palisade Wall x1 |
| 9:49 | Patching85 · wall_segment Palisade Wall x1 |
| 10:13 | Patching85 · wall_segment Palisade Wall x1 |
| 10:14 | Patching85 · wall_segment Palisade Wall x1 |
| 10:19 | Patching85 · wall_segment Palisade Wall x1 |
| 11:09 | Killing_Bambi · wall_segment Palisade Wall x7 |
| 11:58 | Killing_Bambi · wall_segment Palisade Wall x17 |
| 12:43 | Patching85 · wall_segment Palisade Wall x14 |
| 13:10 | Patching85 · wall_segment Palisade Wall x12 |
| 13:34 | Patching85 · wall_segment Palisade Wall x1 |
| 14:03 | Killing_Bambi · wall_segment Palisade Wall x1 |
| 14:26 | Patching85 · wall_segment Palisade Wall x3 |
| 14:28 | Patching85 · wall_segment Palisade Wall x12 |
| 15:14 | Patching85 · wall_segment Palisade Wall x1 |
| 16:10 | Patching85 · wall_segment Palisade Wall x5 |
| 18:21 | Killing_Bambi · first_market_buy 100 food |
| 19:41 | Killing_Bambi · first_building Stable |
| 20:19 | Patching85 · age_up castle |
| 20:59 | Patching85 · first_market_buy 100 wood |
| 21:12 | Killing_Bambi · age_up castle |
| 23:26 | Patching85 · first_building Monastery |
| 23:54 | Patching85 · wall_segment Palisade Wall x1 |
| 25:20 | Killing_Bambi · first_building Monastery |
| 32:20 | Patching85 · first_market_sell 100 food |
| 34:27 | Killing_Bambi · resign |
[ AI ANALYSIS · 1 CREDIT ]
What really happened in this match?
Wolo.gg analyzes every decision: build order, eco, micro, common mistakes by bracket. Personalized analysis on WhatsApp or Discord in 30 seconds.
Civ guide
Lithuanians
Perfil
Patching85